 Dungeon Crawl Stone Soup version 0.16.1 (webtiles) character file.

202 Ironfoot the Ruffian (level 5, -1/46 HPs)
             Began as a Troll Transmuter on Mar 23, 2015.
             Killed by divine providence
             ... invoked by an orc priest
              (15 damage)
             ... on level 3 of the Dungeon.
             The game lasted 00:04:42 (1701 turns).

Ironfoot the Ruffian (Troll Transmuter)             Turns: 1701, Time: 00:04:42

Health: -1/46      AC:  8    Str: 18    XL:     5   Next: 50%
Magic:  4/4        EV: 10    Int:  9    God:
Gold:   66         SH:  0    Dex: 11    Spells: 1 memorised, 5 levels left

rFire  . . .     SeeInvis .       - Unarmed
rCold  . . .     Clarity  .     c - +0 robe
rNeg   . . .     SustAb   .     (shield restricted)
rPois  .         Gourm    +     (helmet restricted)
rElec  .         Spirit   .     k - +2 cloak
rCorr  .         Warding  .     (gloves unavailable)
rMut   .         Stasis   .     (boots unavailable)
MR     .....                    (no amulet)
Stlth  +.........               (no ring)
                                (no ring)

@: not resistant to hostile enchantments, very unstealthy
A: unfitting armour, claws 3, fast metabolism 3, gourmand, regeneration 2,
shaggy fur 1, tough skin 2
a: no special abilities


You were on level 3 of the Dungeon.
You were very full.

You visited 1 branch of the dungeon, and saw 3 of its levels.

You collected 66 gold pieces.

Inventory:

Missiles
 b - 42 arrows
Armour
 c - a +0 robe (worn)
 k - a +2 cloak (worn)
Jewellery
 q - an uncursed ring of flight {unknown}
 u - an uncursed ring of protection from fire {unknown}
Scrolls
 g - 2 scrolls of remove curse {unknown}
 i - 3 scrolls of identify {unknown}
 l - a scroll of immolation {unknown}
 m - a scroll of noise {unknown}
 n - a scroll of random uselessness {unknown}
 s - 2 scrolls of blinking {unknown}
 t - a scroll of fog {unknown}
Potions
 e - a potion of lignification {unknown}
 f - 2 potions of might {unknown}
 h - a potion of haste
 o - a potion of ambrosia {unknown}
 p - a potion of brilliance {unknown}
 r - a potion of flight {unknown}
Books
 d - a book of Changes

   Spells                             Type                      Level
   a - Beastly Appendage              Transmutation                1
   b - Sticks to Snakes               Transmutation                2
   c - Spider Form                    Transmutation/Poison         3
   d - Ice Form                       Ice/Transmutation            4
   e - Blade Hands                    Transmutation                5
Comestibles
 a - 3 meat rations
 j - a slice of pizza


   Skills:
 - Level 0.7 Fighting
 - Level 1.5 Dodging
 + Level 6.3 Unarmed Combat
 - Level 1.2 Spellcasting
 - Level 1.3 Transmutations


You had 5 spell levels left.
You knew the following spells:

 Your Spells              Type           Power        Failure   Level  Hunger
a - Beastly Appendage     Trmt           #.....       21%         1    ##.....


Dungeon Overview and Level Annotations

Branches:
Dungeon (3/15)

Altars:
Gozag
Makhleb

Shops:
D:2 *


Innate Abilities, Weirdness & Mutations

You are too large for most types of armour.
You have claws for hands.
Your metabolism is lightning-fast.
You like to eat raw meat.
You heal very quickly.
You are covered in fur (AC +1).
You have very tough skin (AC +2).


Message History

You see here a club.
You scratch the orc priest!
The orc priest begins to bleed from its wounds!
The orc priest is moderately wounded.
The orc priest closely misses you.
You scratch the orc priest.
The orc priest is heavily wounded.
The orc priest hits you but does no damage.
You scratch the orc priest but do no damage.
The orc priest is heavily wounded.
The orc priest hits you with a short sword of speed!
* * * LOW HITPOINT WARNING * * *
You are too injured to fight recklessly!
You are too injured to fight recklessly!
You are too injured to fight recklessly!
You scratch the orc priest.
The orc priest is severely wounded.
The orc priest mumbles some strange prayers to Beogh against you.
Something smites you!
You die...

... .......## .#.......##
...........# #!........#
#.........# #.......#
#...o..# #)@.# # ##.## .(
#.# . #.##.## #.
#.....######
##.#############..##...##
........................#
#.........######.##...##
##.........# #..#####


You could see an orc priest (bleeding).

Vanquished Creatures
  Robin (D:2)
  5 adders
  8 gnolls
  A worm (D:2)
  2 orcs (D:3)
  9 hobgoblins
  9 kobolds
  A quokka (D:2)
  6 bats
  4 giant newts
  11 goblins
  4 jackals
  8 rats
69 creatures vanquished.

Notes
Turn   | Place    | Note
--------------------------------------------------------------
     0 | D:1      | Ironfoot, the Troll Transmuter, began the quest for the Orb.
     0 | D:1      | Reached XP level 1. HP: 18/18 MP: 2/2
   245 | D:1      | Reached XP level 2. HP: 26/26 MP: 1/2
   534 | D:1      | Reached skill level 4 in Unarmed Combat
   645 | D:2      | Reached XP level 3. HP: 32/32 MP: 3/3
   670 | D:2      | Noticed Robin
   680 | D:2      | Killed Robin
   736 | D:2      | Reached XP level 4. HP: 31/40 MP: 2/4
   739 | D:2      | Reached skill level 5 in Unarmed Combat
   858 | D:2      | Found Gozag's Platinum Reserve.
  1162 | D:2      | Found an opulent altar of Gozag.
  1213 | D:1      | Reached XP level 5. HP: 18/46 MP: 3/4
  1269 | D:2      | Reached skill level 6 in Unarmed Combat
  1308 | D:2      | Found a burning altar of Makhleb.
  1701 | D:3      | Killed from afar by an orc priest

Action                   |  1- 3 |  4- 6 || total
-------------------------+-------+-------++-------
Melee: Unarmed           |    65 |   103 ||   168
 Cast: Beastly Appendage |     7 |     3 ||    10
  Eat: Chunk             |    10 |    10 ||    20
